 Dungeon Crawl Stone Soup version 0.30-b1-2-g02819fbbbe (webtiles) character file.

Game seed: 16860576477442623521

797 ketsa the Cudgeller (level 8, -10/56 HPs)
             Began as a Formicid Fighter on May 30, 2023.
             Was a Priest of Hepliaklqana.
             Mangled by Duvessa
             ... wielding a +2 short sword of speed
              (12 damage)
             ... on level 5 of the Dungeon.
             The game lasted 00:11:45 (3297 turns).

ketsa the Cudgeller (Formicid Fighter)              Turns: 3297, Time: 00:11:46

Health: -10/56     AC: 10    Str: 24    XL:     8   Next: 13%
Magic:  8/8        EV:  9    Int:  7    God:    Hepliaklqana [***...]
Gold:   173        SH:  5    Dex: 13    Spells: 7/7 levels left

rFire   . . .        a - +0 flail
rCold   . . .        c - +0 buckler
rNeg    . . .        b - +0 scale mail
rPois   .            (helmet unavailable)
rElec   .            (no cloak)
rCorr   .            f - +1 pair of gloves
SInv    +            r - +0 pair of boots
Will    .....        (no amulet) Stlth
                     (no ring)
HPRegen 0.29/turn    (no ring)
MPRegen 0.11/turn

%: no passive effects
@: no status effects
A: reduced essence, permanent stasis, dig shafts and tunnels, antennae 3, four
strong arms
a: Dig, Shaft Self, Renounce Religion, Recall Ancestor, Ancestor Identity,
Transference


You were on level 5 of the Dungeon.
You worshipped Hepliaklqana.
Hepliaklqana was most pleased with you.
You visited 2 branches of the dungeon, and saw 6 of its levels.
You also visited: Ossuary.

You collected 289 gold pieces.
You spent 116 gold pieces at shops.

Inventory:

Hand Weapons
 a - a +0 flail (weapon)
Missiles
 j - 6 poisoned darts (quivered)
 p - 43 stones
 u - a throwing net
Armour
 b - a +0 scale mail (worn)
 c - a +0 buckler (worn)
 f - a +1 pair of gloves (worn)
 k - a +0 scale mail
 r - a +0 pair of boots (worn)
Jewellery
 m - a ring of resist corrosion
 o - a ring of ice
Scrolls
 e - 2 scrolls of amnesia
 g - 4 scrolls of noise
 t - a scroll of butterflies {unknown}
 v - 3 scrolls of identify
 w - 2 scrolls of silence
 x - a scroll of enchant armour {unknown}
 y - a scroll of teleportation {unknown}
Potions
 d - a potion of might
 h - 2 potions of haste
 i - a potion of flight {unknown}
 l - 2 potions of brilliance
 n - a potion of resistance {unknown}
 q - a potion of lignification
 s - a potion of attraction {unknown}
 z - a potion of curing {unknown}
 A - a potion of cancellation {unknown}
 B - a potion of berserk rage {unknown}
 C - a potion of heal wounds
 D - a potion of degeneration {unknown}


   Skills:
 + Level 5.6 Fighting
 * Level 6.3 Maces & Flails
 + Level 4.0 Armour
 - Level 6.2 Shields


You had 7 spell levels left.
You didn't know any spells.
Your spell library contained the following spells:

 Spells                   Type           Power      Damage    Failure   Level
 Cigotuvi's Dreadful Rot  Necr/Pois/Air  0%         N/A       89%         2
 Dazzling Flash           Conj/Hex       0%         N/A       98%         3
 Ignite Poison            Fire/Tmut/Pois 0%         N/A       98%         3
 Inner Flame              Hex/Fire       0%         N/A       98%         3
 Teleport Other           Tloc           0%         N/A       98%         3
 Anguish                  Hex/Necr       0%         N/A       100%        4
 Flame Wave               Conj/Fire      0%         2d4       100%        4
 Manifold Assault         Tloc           0%         N/A       100%        4
 Sticky Flame             Conj/Fire      0%         2d3       100%        4
 Agony                    Necr           0%         N/A       100%        5
 Freezing Cloud           Conj/Ice/Air   0%         6-21      100%        5
 Silence                  Hex/Air        0%         N/A       100%        5
 Dispersal                Tloc           0%         N/A       100%        6


Dungeon Overview and Level Annotations

Branches:
Dungeon (5/15) Zot: 26613  Temple (1/1) D:5 Zot: 5807 Ossuary (visited)

Altars:
Cheibriados
Dithmenos
Elyvilon
Fedhas
Gozag
Hepliaklqana
Kikubaaqudgha
Makhleb
Okawaru
Qazlal
Ru
Sif Muna
Uskayaw
Wu Jian
Xom
Yredelemnul

Shops:
D:2 *   D:5 *

Annotations:
D:5 Duvessa


Innate Abilities, Weirdness & Mutations

Your life essence is reduced to manifest your ancestor. (-10% HP)
You cannot be hasted, slowed, berserked, paralysed or teleported.
You can dig through walls and to a lower floor.
You have a pair of large antennae on your head. (SInv)
Your four strong arms can wield two-handed weapons with a shield.


Message History

Numeria gestures at Dowan while chanting.
The puff of frost hits Dowan.
Duvessa hits you with a +2 short sword of speed!
Dowan hits Numeria with a +0 dagger.
You hit Duvessa but do no damage. Duvessa barely misses you.
Numeria misses Dowan.
Dowan hits you but does no damage. You block Duvessa's attack.
You hit Duvessa.
Duvessa is lightly wounded.
Numeria hits Dowan with a +0 quarterstaff!!
Dowan dies!
Duvessa weeps, and shakes her weapon.
Duvessa goes berserk!
Duvessa barely misses you.
Your Armour skill increases to level 4!
You closely miss Duvessa.
Duvessa is lightly wounded.
Duvessa hits you with a +2 short sword of speed!
Numeria hits Duvessa with a +0 quarterstaff!
Duvessa hits you with a +2 short sword of speed!
You block Duvessa's attack.
Numeria gestures at Duvessa while chanting.
The stone arrow hits Duvessa!
You barely miss Duvessa.
Duvessa is heavily wounded.
You block Duvessa's attack. Duvessa completely misses you.
Numeria barely misses Duvessa.
You sock Duvessa!
Duvessa is severely wounded.
Duvessa hits you with a +2 short sword of speed!
* * * LOW HITPOINT WARNING * * *
Duvessa hits you with a +2 short sword of speed.
* * * LOW HITPOINT WARNING * * *
Numeria casts a spell at Duvessa.
The stone arrow hits Duvessa!
You hit Duvessa.
Duvessa is almost dead.
Duvessa hits you with a +2 short sword of speed!
* * * LOW HITPOINT WARNING * * *
Duvessa hits you with a +2 short sword of speed!
You die...

#............
#.......+
#............
#.......#
#............
#.......#
#+###.###..#
#####.......#
....#.##
#...........+
....'..#
#...........#
....#..#
+...........#
....#..#
#...........#
....#..#
#@R.........#
....#..#
#e).........#
....#...
............#
....#....
.............#
....#....
...####.......
....# ....
...... ....#
#.... ###
....# #....
....#


You could see the friendly Numeria the battlemage and Duvessa (berserk, ally
target).

Vanquished Creatures
  Sigmund (D:3)
  Menkaure (D:5)
  A centaur zombie (Ossuary)
  A hound zombie (Ossuary)
  2 mummies (Ossuary)
  2 adders
  4 adder zombies (Ossuary)
  2 worms (D:3)
  2 dart slugs
  An orc (D:4)
  3 bats (D:1)
  3 endoplasms
  2 giant cockroaches
  5 goblins
  4 hobgoblins
  A jackal (D:2)
  3 quokkas
  6 ball pythons
  2 frilled lizards
  2 gnoll zombies (Ossuary)
  A goblin zombie (Ossuary)
  3 hobgoblin zombies (Ossuary)
  A jackal zombie (Ossuary)
  2 kobolds
  A kobold zombie (Ossuary)
  3 quokka zombies (Ossuary)
  2 rats
  2 rat zombies (Ossuary)
63 creatures vanquished.

Vanquished Creatures (collateral kills)
  An elf zombie (Ossuary)
  A bullfrog (D:4)
  Dowan (D:5)
  A centaur zombie (Ossuary)
  A human zombie (Ossuary)
  An iguana (D:5)
  A hound zombie (Ossuary)
  A mummy (Ossuary)
  4 gnolls (D:3)
  3 adder zombies (Ossuary)
  A worm (D:2)
  2 orcs
  2 endoplasms
  A gnoll zombie (Ossuary)
  A jackal (D:2)
  2 kobolds (D:3)
  2 bats (D:3)
  A goblin zombie (Ossuary)
  2 jackal zombies (Ossuary)
  2 kobold zombies (Ossuary)
  An orc zombie (Ossuary)
  2 quokka zombies (Ossuary)
  A rat (D:1)
  3 rat zombies (Ossuary)
38 creatures vanquished.

Grand Total: 101 creatures vanquished

Notes
Turn   | Place    | Note
-------+----------+-------------------------------------------
     0 | D:1      | ketsa the Formicid Fighter began the quest for the Orb.
     0 | D:1      | Reached XP level 1. HP: 18/18 MP: 1/1
   174 | D:1      | Reached XP level 2. HP: 24/24 MP: 2/2
   179 | D:1      | Found a faded altar of an unknown god.
   193 | D:1      | Prayed at the altar of an unknown god.
   193 | D:1      | Became a worshipper of Hepliaklqana the Forgotten
   193 | D:1      | Reached * piety under Hepliaklqana
   768 | D:2      | Reached XP level 3. HP: 26/26 MP: 3/3
   932 | D:2      | Found a shimmering blue altar of Sif Muna.
  1095 | D:2      | Found Efautuaj's Assorted Antiques.
  1104 | D:2      | Bought a scroll labelled ROLOSHRUAPH for 28 gold pieces
  1104 | D:2      | Bought a scroll labelled ONWOSM DEDDAGU for 28 gold pieces
  1188 | D:2      | Reached ** piety under Hepliaklqana
  1189 | D:2      | Remembered your ancestor Numeria as a battlemage
  1347 | D:3      | Reached XP level 4. HP: 30/33 MP: 4/4
  1540 | D:3      | Noticed Sigmund
  1550 | D:3      | Killed Sigmund
  1551 | D:3      | Reached skill level 5 in Shields
  1551 | D:3      | Reached XP level 5. HP: 35/38 MP: 5/5
  1551 | D:3      | Reached XP level 6. HP: 41/44 MP: 6/6
  1861 | D:3      | Found an ornate altar of the Wu Jian Council.
  2045 | D:4      | Identified the +9 short sword "Yseill" {drain, rPois Will+
                  | rCorr Dex-5}
  2124 | D:4      | Found a sand-covered staircase.
  2138 | Ossuary  | Entered an ossuary
  2269 | Ossuary  | Reached skill level 5 in Maces & Flails
  2304 | Ossuary  | Reached XP level 7. HP: 48/49 MP: 7/7
  2311 | Ossuary  | Reached skill level 5 in Fighting
  2533 | D:4      | Found a shadowy altar of Dithmenos.
  2638 | D:4      | Got the Precepts of Geometric Guile
  2720 | D:5      | Entered Level 5 of the Dungeon
  2729 | D:5      | Found Dusen's General Store.
  2748 | D:5      | Bought a potion of heal wounds for 60 gold pieces
  2759 | D:5      | Noticed Menkaure
  2792 | D:5      | Killed Menkaure
  2793 | D:5      | Reached XP level 8. HP: 30/56 MP: 8/8
  2901 | D:5      | Reached *** piety under Hepliaklqana
  2954 | D:5      | Found a staircase to the Ecumenical Temple.
  2971 | Temple   | Entered the Ecumenical Temple
  3285 | D:5      | Noticed Duvessa
  3285 | D:5      | Noticed Dowan
  3293 | D:5      | Killed Dowan
  3297 | D:5      | HP: 2/56 [Duvessa/+2 short sword of speed (13)]
  3297 | D:5      | Mangled by Duvessa

Illustrated notes

Levels and vault maps discovered:
D:1:      co_arrival_square_in_a_square_in_a_square, layout_basic,
          ebering_ecumenical_altar_box
D:2:      layout_rooms, basic_altar, serial_shops, shop, grunt_ministairs_8,
          nicolae_kite_square_tiling_tiny
D:3:      layout_loops_cross, nicolae_wu_jian_immortal_techniques, uniq_sigmund
D:4:      layout_rooms, old_standard_altar,
          nicolae_ossuary_entry_false_entrances
D:5:      layout_gridville, minmay_temple_entry_offerings, serial_shops, shop,
          uniq_pikel, uniq_menkaure, uniq_duvessa
Temple:   eino_narrow_crystal_temple

Skill      XL: |  1  2  3  4  5  6  7  8 |
---------------+-------------------------+-----
Maces & Flails | 3 4 5 6 |  6.3
Fighting       | 4 5 |  5.6
Shields        | 5 6 |  6.2
Armour         | 4 |  4.0

Action                     |  1- 3 |  4- 6 |  7- 9 || total
---------------------------+-------+-------+-------++-------
  Melee: Flail             |    67 |    70 |    61 ||   198
  Throw: Dart              |       |     1 |       ||     1
 Invoke: Ancestor Life: Ba |     1 |       |       ||     1
Ability: Dig               |       |     1 |       ||     1
    Use: Scroll            |     7 |     1 |       ||     8
   Stab: Distracted        |       |     1 |     1 ||     2
 Armour: Scale mail        |    25 |    43 |    33 ||   101
  Dodge: Dodged            |    27 |    36 |    20 ||    83
  Block: Buckler           |    16 |    17 |    12 ||    45
